 Dungeon Crawl Stone Soup version 0.28-a0-1080-g05a166d0ed (webtiles) character file.

Game seed: 12076106771320148322

519 garrulousMonolith the Firebug (level 7, 0/51 HPs)
             Began as a Gnoll Fire Elementalist on Dec 10, 2021.
             Slain by a gnoll (5 damage)
             ... on level 5 of the Dungeon.
             The game lasted 00:06:39 (5035 turns).

garrulousMonolith the Firebug (GnFE)                Turns: 5035, Time: 00:06:39

Health: 0/51       AC:  4    Str:  7    XL:     7   Next: 21%
Magic:  11/15      EV: 13    Int: 16    God:
Gold:   182        SH:  0    Dex: 13    Spells: 5/17 levels left

rFire   + + +      SeeInvis .   j - +4 quarterstaff
rCold   . . .      Faith    .   (shield currently unavailable)
rNeg    . . .      Spirit   .   n - +0 leather armour
rPois   .          Reflect  .   (no helmet)
rElec   .          Harm     .   u - +0 cloak "Qaruidghunu" {rF+++ rCorr}
rCorr   +          Rampage  .   (no gloves)
Will    +....                   (no boots)
Stlth   +++.......              s - amulet of magic regeneration
HPRegen 0.17/turn               l - ring of wizardry
MPRegen 0.54/turn               y - ring of willpower

@: no status effects
A: fangs 1, strong nose, distributed training
a: no special abilities


You were on level 5 of the Dungeon.
You visited 1 branch of the dungeon, and saw 5 of its levels.

You collected 182 gold pieces.

Inventory:

Hand Weapons
 j - a +4 quarterstaff (weapon)
 q - a +3 dagger
Missiles
 c - 4 silver boomerangs (quivered)
Armour
 a - a +0 robe
 n - a +0 leather armour (worn)
 u - the +0 cloak "Qaruidghunu" (worn) {rF+++ rCorr}
   (You found it on level 4 of the Dungeon)

   rF:        It renders you almost immune to fire.
   rCorr:     It protects you from acid and corrosion.
Magical Staves
 e - a staff of air
 h - a staff of death
Jewellery
 l - a ring of wizardry (left hand)
 s - an amulet of magic regeneration (around neck)
 v - an amulet of guardian spirit
 w - an amulet of reflection
 y - a ring of willpower (right hand)
Wands
 r - a wand of polymorph (8)
Scrolls
 d - 3 scrolls of teleportation
 g - a scroll of fog {unknown}
 k - a scroll of amnesia {unknown}
 o - 2 scrolls of vulnerability
 t - a scroll of immolation {unknown}
 x - a scroll of blinking {unknown}
Potions
 b - 2 potions of brilliance
 f - a potion of lignification
 i - 2 potions of flight
 z - a potion of cancellation


   Skills:
 + Level 2.3 Fighting
 + Level 2.3 Short Blades
 + Level 2.3 Long Blades
 + Level 2.3 Axes
 + Level 2.3 Maces & Flails
 + Level 2.3 Polearms
 + Level 2.3 Staves
 + Level 2.3 Slings
 + Level 2.3 Bows
 + Level 2.3 Crossbows
 + Level 2.3 Throwing
 + Level 2.3 Armour
 + Level 5.2 Dodging
 + Level 4.8 Stealth
 + Level 2.3 Shields
 + Level 2.3 Unarmed Combat
 + Level 5.5 Spellcasting
 + Level 2.9 Conjurations
 + Level 1.9 Hexes
 + Level 1.9 Summonings
 + Level 1.9 Necromancy
 + Level 1.9 Translocations
 + Level 1.9 Transmutations
 + Level 5.8 Fire Magic
 + Level 1.9 Ice Magic
 + Level 1.9 Air Magic
 + Level 1.9 Earth Magic
 + Level 1.9 Poison Magic
 + Level 2.6 Invocations
 + Level 2.3 Evocations


You had 5 spell levels left.
You knew the following spells:

 Your Spells              Type           Power      Damage    Failure   Level
a - Foxfire               Conj/Fire      72%        2x1d7     1%          1
b - Scorch                Fire           46%        2d7       1%          2
c - Animate Skeleton      Necr           20%        N/A       4%          1
d - Apportation           Tloc           20%        N/A       4%          1
e - Conjure Flame         Conj/Fire      18%        6-21      4%          3
f - Flame Wave            Conj/Fire      18%        2d5       14%         4

Your spell library contained the following spells:

 Spells                   Type           Power      Damage    Failure   Level
 Pain                     Necr           40%        1d6       4%          1
 Summon Small Mammal      Summ           40%        N/A       4%          1
 Inner Flame              Hex/Fire       16%        N/A       5%          3
 Vampiric Draining        Necr           10%        2d6       12%         3


Dungeon Overview and Level Annotations

Branches:
Dungeon (5/15)             Temple (0/1) D:5

Altars:
Makhleb
Uskayaw

Annotations:
D:5 Blork the orc


Innate Abilities, Weirdness & Mutations

You have very sharp teeth.
Your uncanny sense of smell can sniff out nearby items.
Your experience applies equally to all skills.


Message History

Casting: Scorch (safe; 1% risk of failure)
Confirm with . or Enter, or press ? or * to list all spells.
The spell is quite dangerous to miscast (14% risk of failure)!
Continue anyway?
Casting: Flame Wave (quite dangerous; 14% risk of failure)
Press: ? - help, Dir - look around, f - activate A wave of flame ripples out!
The flame wave engulfs the iguana but does no damage.
The iguana is lightly wounded. (Press . to intensify the flame waves.)
The iguana closely misses you.
A wave of flame ripples out!
The flame wave engulfs the iguana.
The iguana is moderately wounded.
The flame wave engulfs the gnoll.
You kill the gnoll!
The flame wave engulfs the gnoll!
The gnoll is severely wounded.
The gnoll hits you from afar with a +2 vampiric spear.
* * * LOW HITPOINT WARNING * * *
The gnoll draws strength from your wounds!
The iguana misses you.
Blork the orc looks satisfied for a moment.
A wave of flame ripples out!
The flame wave engulfs the iguana.
The iguana is heavily wounded.
The flame wave engulfs the gnoll.
The gnoll is moderately wounded.
The flame wave engulfs the gnoll.
The gnoll is almost dead.
The flame wave engulfs the gnoll.
The gnoll is severely wounded.
The flame wave engulfs Blork the orc.
Blork the orc is lightly wounded.
You finish channelling waves of flame.
The gnoll barely misses you.
The gnoll hits you from afar with a +2 vampiric spear.
* * * LOW HITPOINT WARNING * * *
The gnoll draws strength from your wounds!
The iguana misses you.
The gnoll hits you from afar with a +0 spear.
* * * LOW HITPOINT WARNING * * *
The gnoll hits you from afar with a +2 vampiric spear.
You die...

..... #....##..#
#.#.. #...##....
###.#.# #..##...$.
......###.#.......
#...#..........
##o............ #
#gg..o.......?# #.
#l##........###
#.#
##@#######.#..#
..## #..# .# ...
... #.## .. ..
#.##.# .# # #....#
## ##..##
#..#########
#..#...<...#
##.#.♣...♣.#


You could see Blork the orc, an iguana and 2 gnolls.

Vanquished Creatures
  A necrophage (D:4)
  2 phantoms
  A hound (D:4)
  A jelly (D:5)
  3 iron imps (D:3)
  An iguana (D:4)
  3 adders
  A gnoll (D:5)
  A white imp (D:5)
  An ufetubus (D:4)
  A worm (D:3)
  A dart slug (D:1)
  4 orcs (D:4)
  6 bats
  2 endoplasms
  3 giant cockroaches (D:4)
  5 goblins
  4 hobgoblins
  6 kobolds
  A quokka (D:1)
  4 ball pythons
  2 frilled lizards (D:1)
  4 rats
58 creatures vanquished.

Vanquished Creatures (others)
  115 foxfires
115 creatures vanquished.

Grand Total: 173 creatures vanquished

Notes
Turn   | Place    | Note
-------+----------+-------------------------------------------
     0 | D:1      | garrulousMonolith the Gnoll Fire Elementalist began the
                  | quest for the Orb.
     0 | D:1      | Reached XP level 1. HP: 13/13 MP: 6/6
   365 | D:1      | You fall into a shaft and drop 1 floor!
   368 | D:2      | Reached XP level 2. HP: 19/19 MP: 5/7
   383 | D:2      | Learned a level 2 spell: Scorch
   385 | D:2      | Learned a level 1 spell: Animate Skeleton
   387 | D:2      | Learned a level 1 spell: Apportation
  1043 | D:1      | Reached XP level 3. HP: 22/25 MP: 1/9
  1047 | D:1      | Learned a level 3 spell: Conjure Flame
  1287 | D:1      | Reached skill level 5 in Spellcasting
  2562 | D:3      | Found a burning altar of Makhleb.
  2695 | D:3      | Reached skill level 1 in Fighting
  2695 | D:3      | Reached skill level 1 in Short Blades
  2695 | D:3      | Reached skill level 1 in Long Blades
  2695 | D:3      | Reached skill level 1 in Axes
  2695 | D:3      | Reached skill level 1 in Maces & Flails
  2695 | D:3      | Reached skill level 1 in Polearms
  2695 | D:3      | Reached skill level 1 in Staves
  2695 | D:3      | Reached skill level 1 in Slings
  2695 | D:3      | Reached skill level 1 in Bows
  2695 | D:3      | Reached skill level 1 in Crossbows
  2695 | D:3      | Reached skill level 1 in Throwing
  2695 | D:3      | Reached skill level 1 in Armour
  2695 | D:3      | Reached skill level 1 in Shields
  2695 | D:3      | Reached skill level 1 in Unarmed Combat
  2695 | D:3      | Reached skill level 1 in Invocations
  2695 | D:3      | Reached skill level 1 in Evocations
  2695 | D:3      | Reached XP level 4. HP: 28/32 MP: 7/11
  3115 | D:3      | Found a faded altar of an unknown god.
  3246 | D:3      | Reached skill level 1 in Hexes
  3246 | D:3      | Reached skill level 1 in Summonings
  3246 | D:3      | Reached skill level 1 in Necromancy
  3246 | D:3      | Reached skill level 1 in Translocations
  3246 | D:3      | Reached skill level 1 in Transmutations
  3246 | D:3      | Reached skill level 1 in Ice Magic
  3246 | D:3      | Reached skill level 1 in Air Magic
  3246 | D:3      | Reached skill level 1 in Earth Magic
  3246 | D:3      | Reached skill level 1 in Poison Magic
  3479 | D:3      | Reached XP level 5. HP: 22/37 MP: 9/12
  3918 | D:4      | Found a hide-covered altar of Uskayaw.
  3930 | D:4      | Identified the +0 cloak "Qaruidghunu" {rF+++ rCorr}
  3948 | D:4      | Noticed a phantom
  3953 | D:4      | Killed a phantom
  3954 | D:4      | Reached XP level 6. HP: 44/44 MP: 6/13
  4095 | D:4      | Learned a level 4 spell: Flame Wave
  4394 | D:4      | Reached skill level 5 in Dodging
  4476 | D:4      | Noticed a necrophage
  4484 | D:4      | Killed a necrophage
  4958 | D:5      | Entered Level 5 of the Dungeon
  4971 | D:5      | Reached XP level 7. HP: 18/50 MP: 10/15
  5012 | D:5      | Found a staircase to the Ecumenical Temple.
  5018 | D:5      | Noticed Blork the orc
  5035 | D:5      | Slain by a gnoll

Illustrated notes

Levels and vault maps discovered:
D:1:      lightli_arrival_farm, layout_basic, hangedman_decor_growths,
          minmay_misc_feat_nine_boxes
D:2:      wander_river, layout_loops_ring
D:3:      layout_basic, demons_altar, shapermc_ecumenical_altar_mp_urbaneastern,
          serial_park_tiny_1
D:4:      layout_loops_corners, nicolae_uskayaw_dance_hall, wad_orctagon
D:5:      layout_rooms, mainiacjoe_overflow_catwalk, minmay_temple_entry_wispy,
          cheibrodos_sewer_entry_drain, nicolae_elemental_shop,
          grunt_decor_fettered, grunt_ministairs_3, roderic_serpentine_path,
          uniq_blork_the_orc

Skill      XL: |  1  2  3  4  5  6 |
---------------+-------------------+-----
Conjurations   | 2 |  2.9
Spellcasting   | 5 |  5.5
Fighting       | 1 2 |  2.3
Short Blades   | 1 2 |  2.3
Long Blades    | 1 2 |  2.3
Axes           | 1 2 |  2.3
Maces & Flails | 1 2 |  2.3
Polearms       | 1 2 |  2.3
Staves         | 1 2 |  2.3
Slings         | 1 2 |  2.3
Bows           | 1 2 |  2.3
Crossbows      | 1 2 |  2.3
Throwing       | 1 2 |  2.3
Armour         | 1 2 |  2.3
Shields        | 1 2 |  2.3
Unarmed Combat | 1 2 |  2.3
Invocations    | 1 2 |  2.6
Evocations     | 1 2 |  2.3
Hexes          | 1 |  1.9
Summonings     | 1 |  1.9
Necromancy     | 1 |  1.9
Translocations | 1 |  1.9
Transmutations | 1 |  1.9
Ice Magic      | 1 |  1.9
Air Magic      | 1 |  1.9
Earth Magic    | 1 |  1.9
Poison Magic   | 1 |  1.9
Dodging        | 5 |  5.2
Stealth        | |  4.8
Fire Magic     | |  5.8

Action                   |  1- 3 |  4- 6 |  7- 9 || total
-------------------------+-------+-------+-------++-------
Melee: Unarmed           |     1 |       |       ||     1
       Staff             |    11 |       |       ||    11
       Bite              |     1 |     1 |       ||     2
       Quarterstaff      |       |    33 |       ||    33
Throw: Boomerang         |    12 |     1 |       ||    13
 Cast: Foxfire           |    61 |     7 |     5 ||    73
       Scorch            |     4 |    24 |     5 ||    33
       Apportation       |       |     2 |       ||     2
       Flame Wave        |       |       |     1 ||     1
  Use: Scroll            |     3 |     4 |       ||     7
       Potion            |       |       |     1 ||     1
 Stab: Sleeping          |       |     2 |       ||     2
Armor: Robe              |     3 |       |       ||     3
       Leather armour    |     2 |    11 |     3 ||    16
Dodge: Dodged            |    17 |    36 |    20 ||    73

Table legend: (Time is in decaauts)
 A = Elapsed time spent in this place.
 B = Non-inter-level travel time spent in this place.
 C = Inter-level travel time spent in this place.
 D = Time resting spent in this place.
 E = Time spent auto-exploring this place.
 F = Levels seen in this place.
 G = Mean time per level.
                   A        B        C        D        E       F      G
               +--------+--------+--------+--------+--------+-----+--------+
         Total |   5092 |   4855 |    237 |    414 |   3634 |   5 | 1018.4 |
       Dungeon |   5092 |   4855 |    237 |    414 |   3634 |   5 | 1018.4 |
               +--------+--------+--------+--------+--------+-----+--------+

Top non-repeatable levels by time:
     D:1: 1503 daAuts
     D:4: 1269 daAuts
     D:3: 1214 daAuts
     D:2: 1028 daAuts
     D:5: 76 daAuts
